 Dungeon Crawl Stone Soup version 0.28.0 (webtiles) character file.

Game seed: 2643317662231415387

94 Erasure the Skirmisher (level 4, -1/40 HPs)
             Began as a Draconian Berserker on Feb 4, 2022.
             Was a Believer of Dithmenos.
             Slain by a black bear (2 damage)
             ... created by the rage of Trog
             ... on level 2 of the Dungeon.
             The game lasted 00:13:14 (2710 turns).

Erasure the Skirmisher (Draconian Berserker)        Turns: 2710, Time: 00:13:15

Health: -1/40      AC:  9    Str: 22    XL:     4   Next: 38%
Magic:  4/4        EV: 12    Int:  7    God:    Dithmenos [**....]
Gold:   106        SH:  0    Dex: 10    Spells: 3/3 levels left

rFire   . . .      SeeInvis .   a - +0 spear
rCold   . . .      Faith    +   (no shield)
rNeg    . . .      Spirit   .   (armour unavailable)
rPois   .          Reflect  .   (helmet restricted)
rElec   .          Harm     .   (no cloak)
rCorr   .          Rampage  .   (no gloves)
Will    .....                   (no boots)
Stlth   +.........              n - amulet of faith
HPRegen 0.13/turn               o - +4 ring of protection
MPRegen 0.09/turn               (no ring)

@: wreathed by umbra
A: AC +5, unfitting armour, cold-blooded
a: Renounce Religion, Shadow Step


You were on level 2 of the Dungeon.
You worshipped Dithmenos.
Dithmenos was pleased with you.
You visited 1 branch of the dungeon, and saw 2 of its levels.

You collected 106 gold pieces.

Inventory:

Hand Weapons
 a - a +0 spear (weapon)
 c - a +0 club
 d - a +0 short sword
 f - a +0 dagger
 i - a +0 dagger
 p - a +1 short sword of venom
Missiles
 e - 116 stones (quivered)
 q - 4 boomerangs
Armour
 b - a +0 robe
 g - a +0 ring mail
 l - a +0 robe
 r - the +1 robe "Datona Wuga" {Rampage rF+}
   (You found it on level 2 of the Dungeon)

   rF:        It protects you from fire.
   Rampage:   It bestows one free step when moving towards enemies.
Magical Staves
 m - a staff of cold
Jewellery
 n - an amulet of faith (around neck)
 o - a +4 ring of protection (left hand)
Scrolls
 h - a scroll of amnesia
 s - 2 scrolls of identify
 t - a scroll of noise {unknown}
 v - a scroll of silence {unknown}
Potions
 j - a potion of cancellation
 k - a potion of degeneration {unknown}
 u - a potion of attraction {unknown}


   Skills:
 + Level 4.2 Fighting
 + Level 4.0 Polearms
 + Level 3.3 Dodging
 + Level 0.4 Stealth


You had 3 spell levels left.
You didn't know any spells.
Your spell library was empty.

Dungeon Overview and Level Annotations

Branches:
Dungeon (2/15)

Altars:
Dithmenos

Shops:
D:2 ?


Innate Abilities, Weirdness & Mutations

Your plain brown scales are hard. (AC +5)
You cannot fit into any form of body armour.
You are cold-blooded and may be slowed by cold attacks.


Message History

You kill the endoplasm!
Dithmenos accepts your kill.
You feel yourself speed up.
Trog sends monsters to punish you. 2 black bears and 3 polar bears come into view.
The polar bear moves out of view.
You closely miss the black bear. The black bear completely misses you.
The black bear claws you.
The black bear claws you but does no damage.
You hit the black bear. You tail-slap the black bear.
The black bear is lightly wounded.
The black bear closely misses you. The black bear claws you. x2
You hear an angry growl.
You hit the black bear.
The black bear is moderately wounded.
The black bear bites you but does no damage.
The black bear claws you but does no damage. x2
The black bear barely misses you. The black bear claws you.
The black bear claws you but does no damage.
You hear an angry growl.
The polar bear bites you. The polar bear closely misses you. x2
You barely miss the black bear.
The black bear is moderately wounded.
The black bear rages.
The black bear misses you.
The black bear claws you but does no damage. x2
The polar bear bites you.
The polar bear claws you but does no damage. x2
You hit the black bear.
The black bear is heavily wounded.
The black bear closely misses you.
The black bear claws you but does no damage. x2
The polar bear bites you!!
Ouch! That really hurt!
* * * LOW HITPOINT WARNING * * *
The polar bear claws you but does no damage. x2
The black bear closely misses you.
The black bear claws you but does no damage.
The black bear claws you.
You die...

..##.###.##########.....#
##....
........................#
#####
.###.#.#.##########..#..# #
.........# #.....# #
.##....### ##.#.## ######
......## #.#..# #.....
..###.##############.##.#
#>#### ..#
#.........##.h...##.# #.#
..###.#######.##@# ####.#
#.# ...<..# #.##h## #.# #.#
.##.#.# ####.hhh.# #.# #.#
.##.#.# ##.#####..# #.# #.#
......###.#.## #..# #.# #.#
.##......###.# #..# #.# #.#
.###.####.#.## #..# #.# #.#
.# #.#####.#####..# #.# #.#
.#
#..............#####.####.#


You could see 3 polar bears and a black bear (berserk).

Vanquished Creatures
  An iguana (D:2)
  2 adders (D:2)
  A worm (D:2)
  5 bats
  7 endoplasms
  2 giant cockroaches (D:2)
  2 goblins (D:1)
  4 hobgoblins
  4 jackals (D:1)
  A quokka (D:1)
  5 ball pythons
  3 frilled lizards
  8 kobolds
  A rat (D:2)
46 creatures vanquished.

Vanquished Creatures (others)
  8 plants (D:1)
8 creatures vanquished.

Grand Total: 54 creatures vanquished

Notes
Turn   | Place    | Note
-------+----------+-------------------------------------------
     0 | D:1      | Erasure the Draconian Berserker began the quest for the
                  | Orb.
     0 | D:1      | Reached XP level 1. HP: 19/19 MP: 1/1
   411 | D:1      | Reached XP level 2. HP: 23/26 MP: 2/2
  1322 | D:1      | Found a faded altar of an unknown god.
  1358 | D:1      | Prayed at the altar of an unknown god.
  1358 | D:1      | Fell from the grace of Trog
  1358 | D:1      | Became a worshipper of Dithmenos the Shadowed
  1358 | D:1      | Reached * piety under Dithmenos
  1420 | D:1      | Paralysed by Trog for 6 turns
  1555 | D:1      | Reached XP level 3. HP: 33/33 MP: 3/3
  1880 | D:2      | Found Cyiruc's Magic Scroll Shoppe.
  2090 | D:2      | Identified the +1 robe "Datona Wuga" {Rampage rF+}
  2431 | D:2      | Reached XP level 4. HP: 40/40 MP: 4/4
  2469 | D:2      | Reached ** piety under Dithmenos
  2705 | D:2      | Noticed a polar bear
  2705 | D:2      | Noticed a black bear
  2705 | D:2      | Noticed a polar bear
  2705 | D:2      | Noticed a black bear
  2705 | D:2      | Noticed a polar bear
  2710 | D:2      | HP: 1/40 [polar bear[the rage of Trog] (23)]
  2710 | D:2      | Slain by a black bear

Illustrated notes

Levels and vault maps discovered:
D:1:      amcnicky_arrival_single_pillar, layout_basic,
          chequers_ecumenical_altar_lobes, st_stairs_9
D:2:      layout_loops_ring, serial_shops, shop

Skill      XL: |  1  2  3  4 |
---------------+-------------+-----
Dodging        | 3 |  3.3
Fighting       | 4 |  4.2
Polearms       | 4 |  4.0
Stealth        | |  0.4

Action                   |  1- 3 |  4- 6 || total
-------------------------+-------+-------++-------
Melee: Spear             |   204 |    22 ||   226
       Tailslap          |    31 |     5 ||    36
       Punch             |     2 |     1 ||     3
  Use: Scroll            |     1 |       ||     1
       Potion            |     1 |       ||     1
 Stab: Sleeping          |     2 |       ||     2
Armor: Skin              |    54 |    16 ||    70
Dodge: Dodged            |   108 |    14 ||   122
